 Dungeon Crawl Stone Soup version 0.30-a0-263-ge22c4ad894 (webtiles) character file.

Game seed: 17313345116923366028

4960 sscrono2 the Martial Artist (level 10, -3/56 HPs)
             Began as an Octopode Delver on Oct 13, 2022.
             Was an Elder of Hepliaklqana.
             Slain by a tengu warrior
             ... wielding a +3 glaive of flaming
              (21 damage)
             ... on level 9 of the Dungeon.
             The game lasted 00:19:51 (9096 turns).

sscrono2 the Martial Artist (Octopode Delver)       Turns: 9096, Time: 00:19:51

Health: -3/56      AC:  1    Str: 13    XL:     10   Next: 53%
Magic:  2/15       EV: 13    Int: 16    God:    Hepliaklqana [****..]
Gold:   461        SH:  0    Dex: 13    Spells: 7/16 levels left

rFire   + . .      SeeInvis .    F - staff of fire
rCold   . . .      Faith    .    (no shield)
rNeg    + . .      Spirit   .    (helmet restricted)
rPois   +          Reflect  .    G - amulet of the acrobat
rElec   .          Harm     .    w - ring of poison resistance
rCorr   .          Rampage  .    y - ring of positive energy
Will    .....                    (no ring)
Stlth   ++++......               (no ring)
HPRegen 0.29/turn                (no ring)
MPRegen 0.14/turn                (no ring)
                                 (no ring)
                                 (no ring)

@: about to teleport
A: reduced essence, almost no armour, amphibious, 8 rings, camouflage 1,
gelatinous body 1, (nimble swimmer 1), tentacles
a: Renounce Religion, Recall Ancestor, Ancestor Identity, Transference, Idealise


You were on level 9 of the Dungeon.
You worshipped Hepliaklqana.
Hepliaklqana was greatly pleased with you.
You visited 2 branches of the dungeon, and saw 10 of its levels.
You also visited: Sewer.

You collected 689 gold pieces.
You spent 228 gold pieces at shops.

Inventory:

Armour
 q - a +2 kite shield
Magical Staves
 F - a staff of fire (weapon)
Jewellery
 w - a ring of poison resistance (left tentacle)
 y - a ring of positive energy (right tentacle)
 G - an amulet of the acrobat (around mantle)
Wands
 e - a wand of digging (3)
 n - a wand of flame (16)
 D - a wand of polymorph (8)
Scrolls
 a - a scroll of fog
 f - 3 scrolls of enchant armour
 g - 3 scrolls of enchant weapon
 i - 7 scrolls of teleportation
 j - 3 scrolls of magic mapping
 m - 3 scrolls of vulnerability
 o - 2 scrolls of blinking
 p - 3 scrolls of immolation
 r - a scroll of butterflies {unknown}
 t - 2 scrolls of poison
 u - a scroll of brand weapon {unknown}
 E - 2 scrolls of noise
Potions
 b - a potion of magic {unknown}
 d - 2 potions of haste
 h - 3 potions of attraction
 k - 2 potions of cancellation {unknown}
 l - 4 potions of curing
 s - a potion of degeneration {unknown}
 v - a potion of lignification
 x - 2 potions of might {unknown}
 z - 3 potions of mutation
 A - a potion of brilliance {unknown}
 B - a potion of heal wounds
 C - a potion of flight {unknown}


   Skills:
 - Level 3.0 Fighting
 - Level 2.0 Dodging
 - Level 6.6 Stealth
 + Level 4.3 Shields
 * Level 9.5 Unarmed Combat
 + Level 3.9 Spellcasting
 * Level 6.4 Conjurations
 * Level 6.3 Fire Magic
 + Level 4.6 Invocations


You had 7 spell levels left.
You knew the following spells:

 Your Spells              Type           Power      Damage    Failure   Level
a - Foxfire               Conj/Fire      100%       2x1d9     1%          1
b - Fireball              Conj/Fire      17%        3d9       34%         5
c - Mephitic Cloud        Conj/Pois/Air  9%         N/A       22%         3

Your spell library contained the following spells:

 Spells                   Type           Power      Damage    Failure   Level
 Magic Dart               Conj           92%        1d7       1%          1
 Dazzling Flash           Conj/Hex       26%        N/A       14%         3
 Hailstorm                Conj/Ice       13%        3d5       14%         3
 Apportation              Tloc           6%         N/A       17%         1
 Necrotise                Necr           12%        1d4       17%         1
 Summon Small Mammal      Summ           12%        N/A       17%         1
 Kindle Blastsparks       Fire/Tloc/Air  28%        2d12      22%         3
 Call Imp                 Summ           3%         N/A       26%         2
 Fulminant Prism          Conj/Hex       6%         3d7       41%         4
 Iskenderun's Mystic Bla  Conj/Tloc      13%        2d5       41%         4
 Call Canine Familiar     Summ           3%         N/A       45%         3
 Summon Guardian Golem    Hex/Summ       3%         N/A       45%         3
 Ice Form                 Ice/Tmut       3%         N/A       86%         4
 Starburst                Conj/Fire      17%        6d6       88%         6
 Agony                    Necr           3%         N/A       99%         5
 Lee's Rapid Deconstruct  Erth           1%         3d5*      99%         5
 Silence                  Hex/Air        1%         N/A       99%         5
 Simulacrum               Ice/Necr       1%         N/A       100%        6


Dungeon Overview and Level Annotations

Branches:
Dungeon (9/15)             Temple (1/1) D:6           Sewer (visited)
   Lair: D:8-11         Orc: D:9-12

Altars:
Ashenzari
Cheibriados
Dithmenos
Elyvilon
Fedhas
Gozag
Hepliaklqana
Kikubaaqudgha
Makhleb
Nemelex Xobeh
Okawaru
Qazlal
Sif Muna
Trog
Uskayaw
Wu Jian
Xom
Yredelemnul
Zin
The Shining One

Shops:
D:3 !


Innate Abilities, Weirdness & Mutations

Your life essence is reduced to manifest your ancestor. (-10% HP)
You cannot wear most types of armour.
You are amphibious.
You can wear up to eight rings at the same time.
Your skin changes colour to match your surroundings (Stealth+).
Your rubbery body absorbs attacks. (AC +1, EV +1)
((You are camouflaged when in or above water. (Stealth+)))
You have tentacles for arms and can constrict up to eight enemies at once.


Message History

Kaya barely misses the tengu warrior.
The foxfire hits the tengu warrior.
The tengu warrior is severely wounded.
Kaya hits the tengu warrior with a +0 dagger of draining.
Kaya drains the tengu warrior.
The foxfire hits the tengu warrior.
The tengu warrior is almost dead.
The foxfire hits the tengu warrior but does no damage.
The tengu warrior is almost dead.
Kaya hits the tengu warrior with a +0 dagger of draining.
Kaya hits the tengu warrior but does no damage.
Okay, then.
Kaya hits the tengu warrior but does no damage.
The tengu warrior hits Kaya with a +3 long sword of protection!
The tengu warrior pecks Kaya.
The tengu warrior claws Kaya.
Kaya hits the tengu warrior with a +0 dagger of draining.
Kaya drains the tengu warrior.
The tengu warrior dies!
You close the gate.
You see here 15 gold pieces.
You see here a scroll labelled FEXEEPINUL.
You see here a book of Blasting.
Autopickup is now on.
r - a scroll labelled FEXEEPINUL You pick up a book of Blasting and begin reading...
You add the spells Kindle Blastsparks, Fulminant Prism, Iskenderun's Mystic Blast and Lee's Rapid Deconstruction to your library.
Something unseen opens the gate.
Kaya closely misses something.
Something misses you.
Kaya hits something but does no damage.
You now have 461 gold pieces (gained 15).
Kaya closely misses something.
Something hits you!! Something burns you.
Deactivating autopickup; reactivate with Ctrl-A.
Kaya misses something.
As you read the scroll of fear, it crumbles to dust.
You assume a fearsome visage.
The gnoll looks frightened!
Kaya misses something.
Something hits you! Something burns you.
Kaya closely misses something.
As you read the scroll of teleportation, it crumbles to dust.
You feel strangely unstable.
Kaya misses something.
Something hits you!!
You die...

..............##
...............##
................###
..........).......##
....................
...............###...
..............#####..
..........'.[.##.
..........{.@.#
.........R'.[[#
......)...#####
...........###..
.................
.................
.................
.................
.................


You could see the friendly Kaya the hexer.

Vanquished Creatures
  Pikel (D:7)
  Prince Ribbit (D:8)
  2 yaks (D:8)
  A sky beast (D:8)
  2 ogres
  3 bullfrogs
  A necrophage (D:6)
  2 scorpions (D:4)
  6 wights
  9 killer bees
  3 hounds
  4 orc priests
  An iguana (D:5)
  Natasha (twice) (D:4)
  13 gnolls
  9 adders
  7 river rats (Sewer)
  3 white imps
  5 worms
  3 dart slugs
  11 orcs
  8 endoplasms
  4 giant cockroaches
  5 goblins
  7 hobgoblins
  12 jackals
  5 quokkas
  7 ball pythons
  4 bats
  9 frilled lizards
  7 kobolds
  11 rats
168 creatures vanquished.

Vanquished Creatures (collateral kills)
  A tengu warrior (D:9)
  A hornet (D:7)
  A yak (D:8)
  Eustachio (D:6)
  A steam dragon (D:7)
  Edmund (D:6)
  2 lemures (D:7)
  A phantom (D:4)
  2 bullfrogs
  A necrophage (D:5)
  2 scorpions
  3 wights
  2 killer bees (D:9)
  An orc priest (D:8)
  Natasha (D:4)
  An orc wizard (D:8)
  3 gnolls
  2 adders (D:6)
  A white imp (D:6)
  4 orcs
  An endoplasm (D:4)
  A goblin (D:4)
34 creatures vanquished.

Vanquished Creatures (others)
  2 hexers
  125 foxfires
  37 plants
164 creatures vanquished.

Grand Total: 366 creatures vanquished

Notes
Turn   | Place    | Note
-------+----------+-------------------------------------------
     0 | D:5      | sscrono2 the Octopode Delver began the quest for the Orb.
     0 | D:5      | Reached XP level 1. HP: 16/16 MP: 1/1
    15 | D:5      | Noticed an iguana
    29 | D:5      | Killed an iguana
    30 | D:5      | Reached skill level 3 in Unarmed Combat
    30 | D:5      | Reached XP level 2. HP: 14/21 MP: 2/2
    30 | D:5      | Reached XP level 3. HP: 17/26 MP: 3/3
    57 | D:5      | Found a glowing drain.
    61 | Sewer    | Entered a sewer
   117 | Sewer    | Reached skill level 4 in Unarmed Combat
   136 | Sewer    | Reached XP level 4. HP: 27/31 MP: 4/4
   397 | Sewer    | Reached skill level 5 in Unarmed Combat
   397 | Sewer    | Reached XP level 5. HP: 31/36 MP: 5/5
   603 | D:5      | Identified the +6 scale mail of the Watchman {Rampage}
   684 | D:5      | Noticed an ogre
   765 | D:4      | Found a shadowy altar of Dithmenos.
   766 | D:4      | Noticed an ogre
   772 | D:4      | Killed an ogre
   773 | D:4      | Reached skill level 6 in Unarmed Combat
   773 | D:4      | Reached XP level 6. HP: 42/42 MP: 6/6
   901 | D:3      | Learned a level 1 spell: Foxfire
   949 | D:3      | Reached skill level 7 in Unarmed Combat
  1076 | D:3      | Found a blossoming altar of Fedhas.
  1399 | D:3      | Found a burning altar of Makhleb.
  1401 | D:3      | Found a shimmering altar of Xom.
  1404 | D:3      | Found a basalt altar of Yredelemnul.
  1406 | D:3      | Found a broken altar of Ashenzari.
  1406 | D:3      | Found a glowing silver altar of Zin.
  1406 | D:3      | Found a hazy altar of Hepliaklqana.
  1411 | D:3      | Found a hide-covered altar of Uskayaw.
  1412 | D:3      | Found a snail-covered altar of Cheibriados.
  1420 | D:3      | Became a worshipper of Hepliaklqana the Forgotten
  1442 | D:3      | Found Umai's Distillery.
  1447 | D:3      | Bought a potion of lignification for 36 gold pieces
  1447 | D:3      | Bought a potion of lignification for 36 gold pieces
  1626 | D:2      | Reached XP level 7. HP: 46/46 MP: 7/7
  1807 | D:2      | Reached skill level 1 in Conjurations
  2139 | D:1      | Reached skill level 1 in Fire Magic
  2428 | D:1      | Reached * piety under Hepliaklqana
  2969 | D:3      | Bought a potion of mutation for 96 gold pieces
  2969 | D:3      | Bought a potion of heal wounds for 60 gold pieces
  3089 | D:4      | Reached skill level 1 in Shields
  3235 | D:4      | Found a glowing golden altar of the Shining One.
  3655 | D:4      | Noticed Natasha
  3662 | D:4      | Killed Natasha
  3712 | D:4      | Noticed Natasha
  3720 | D:4      | Killed Natasha
  3721 | D:4      | Reached skill level 1 in Invocations
  3849 | D:4      | Noticed Natasha
  3891 | D:4      | Reached skill level 1 in Spellcasting
  4065 | D:4      | Killed Natasha
  4332 | D:4      | Reached ** piety under Hepliaklqana
  4333 | D:4      | Remembered your ancestor Kaya as a hexer
  4561 | D:5      | Reached XP level 8. HP: 46/46 MP: 8/10
  5538 | D:6      | Noticed Edmund
  5548 | D:6      | Killed Edmund
  5578 | D:6      | Noticed Eustachio
  5600 | D:6      | Killed Eustachio
  5601 | D:6      | Reached skill level 8 in Unarmed Combat
  5677 | D:6      | Learned a level 5 spell: Fireball
  5681 | D:6      | Learned a level 3 spell: Mephitic Cloud
  5946 | D:6      | Reached XP level 9. HP: 38/50 MP: 12/12
  6009 | D:6      | Found a staircase to the Ecumenical Temple.
  6054 | D:6      | Found a faded altar of an unknown god.
  6233 | Temple   | Entered the Ecumenical Temple
  6997 | D:7      | Noticed Pikel
  7114 | D:7      | Noticed a hornet
  7125 | D:7      | Killed a hornet
  7318 | D:7      | Killed Pikel
  7343 | D:7      | Reached *** piety under Hepliaklqana
  7361 | D:7      | Reached skill level 5 in Conjurations
  7601 | D:8      | Reached skill level 5 in Fire Magic
  7871 | D:8      | Noticed Prince Ribbit
  7876 | D:8      | Killed Prince Ribbit
  7926 | D:8      | Reached skill level 9 in Unarmed Combat
  7985 | D:8      | Reached XP level 10. HP: 56/56 MP: 8/15
  8868 | D:9      | Reached **** piety under Hepliaklqana
  9065 | D:9      | Noticed a tengu warrior
  9071 | D:9      | Noticed a tengu warrior
  9083 | D:9      | Killed a tengu warrior
  9096 | D:9      | Slain by a tengu warrior

Illustrated notes

Levels and vault maps discovered:
D:1:      amcnicky_arrival_choice, layout_loops_corners
D:2:      layout_rooms, kennysheep_nub
D:3:      layout_loops_cross, minitemple, mainiacjoe_overflow_cross_hatched,
          serial_shops, shop
D:4:      layout_cave_pods, mainiacjoe_overflow_large_starburst, uniq_natasha
D:5:      layout_rooms, gup_sewer_entry_bowl, kennysheep_windowed_goal
D:6:      layout_layer_cave, nicolae_temple_entry_ecumenical, uniq_eustachio,
          uniq_edmund
D:7:      layout_rooms, uniq_pikel
D:8:      layout_cave_pools, grunt_ministairs_1, minivault_24,
          uniq_prince_ribbit1
D:9:      layout_big_octagon, mainiacjoe_overflow_catch_the_wave,
          serial_gnoll_camp, gnoll_camp_mini_loothouse, gnoll_camp_mini_hut,
          gnoll_camp_mini_house, gnoll_camp_huts_basic, gnoll_camp_mini_shop
Temple:   chequers_temple_sunken

Skill      XL: |  1  2  3  4  5  6  7  8  9 10 |
---------------+-------------------------------+-----
Unarmed Combat | 3 4 5 6 7 8 9 |  9.5
Conjurations   | 2 4 5 6 |  6.4
Fire Magic     | 2 3 5 6 |  6.3
Shields        | 1 2 3 4 |  4.3
Invocations    | 1 2 4 |  4.6
Spellcasting   | 1 2 3 |  3.9
Fighting       | |  3.0
Dodging        | |  2.0
Stealth        | |  6.6

Action                   |  1- 3 |  4- 6 |  7- 9 | 10-12 || total
-------------------------+-------+-------+-------+-------++-------
Melee: Unarmed           |    18 |    90 |   232 |    60 ||   400
       Tentacles         |     5 |    19 |    56 |       ||    80
       Constrict         |     4 |    23 |    66 |     3 ||    96
       Punch             |       |     5 |    17 |     3 ||    25
 Cast: Foxfire           |       |       |    54 |    17 ||    71
       Mephitic Cloud    |       |       |       |     1 ||     1
Invok: Ancestor Life: He |       |       |     1 |       ||     1
       Ancestor Identity |       |       |     1 |       ||     1
       Recall Ancestor   |       |       |     1 |       ||     1
Evoke: Wand              |       |     8 |     8 |     2 ||    18
  Use: Scroll            |     1 |     2 |     4 |     7 ||    14
       Potion            |     1 |       |     1 |     4 ||     6
 Stab: Sleeping          |     4 |    13 |    23 |       ||    40
       Distracted        |       |     1 |     2 |       ||     3
       Fleeing           |       |     1 |       |       ||     1
       Confused          |       |       |     6 |     2 ||     8
Armor: Skin              |       |     1 |    10 |   100 ||   111
Dodge: Dodged            |     5 |    35 |   118 |    20 ||   178

Table legend: (Time is in decaauts)
 A = Elapsed time spent in this place.
 B = Non-inter-level travel time spent in this place.
 C = Inter-level travel time spent in this place.
 D = Time resting spent in this place.
 E = Time spent auto-exploring this place.
 F = Levels seen in this place.
 G = Mean time per level.
                   A        B        C        D        E       F      G
               +--------+--------+--------+--------+--------+-----+--------+
         Total |   9002 |   8509 |    493 |   1570 |   5476 |  11 |  818.4 |
       Dungeon |   7987 |   7509 |    478 |   1417 |   4770 |   9 |  887.4 |
        Temple |    505 |    491 |     14 |      0 |    485 |   1 |  505.0 |
         Sewer |    508 |    508 |      0 |    153 |    221 |   1 |  508.0 |
               +--------+--------+--------+--------+--------+-----+--------+

Top non-repeatable levels by time:
     D:4: 1540 daAuts
     D:6: 1419 daAuts
     D:8: 1098 daAuts
     D:3: 958 daAuts
     D:1: 820 daAuts
     D:5: 746 daAuts
     D:2: 514 daAuts
     D:7: 510 daAuts
   Sewer: 508 daAuts
  Temple: 505 daAuts
     D:9: 378 daAuts
